 Dungeon Crawl Stone Soup version 0.21-a0-110-g8e1637b (webtiles) character file.

23 nikopol the Firebug (level 2, -11/15 HPs)
             Began as a Deep Elf Fire Elementalist on July 8, 2017.
             Killed from afar by Robin (13 damage)
             ... with a wand of flame (?/48)
             ... on level 1 of the Dungeon.
             The game lasted 00:02:10 (981 turns).

nikopol the Firebug (Deep Elf Fire Elementalist)     Turns: 981, Time: 00:02:10

Health: -11/15     AC:  2    Str:  5    XL:     2   Next: 72%
Magic:  1/8        EV: 13    Int: 19    God:
Gold:   9          SH:  0    Dex: 15    Spells: 4/7 levels left

rFire    . . .     SeeInvis .   g - +0 dagger
rCold    . . .     Gourm    .   (no shield)
rNeg     . . .     Faith    .   a - +0 robe
rPois    .         Spirit   .   (no helmet)
rElec    .         Reflect  .   (no cloak)
rCorr    .         Harm     .   (no gloves)
MR       .....                  (no boots)
Stlth    ++........             (no amulet)
HPRegen  0.05/turn              (no ring)
MPRegen  0.11/turn              (no ring)

@: no status effects
A: no striking features
a: no special abilities


You were on level 1 of the Dungeon.
You were not hungry.

You visited 1 branch of the dungeon, and saw 2 of its levels.

You collected 9 gold pieces.

Inventory:

Hand Weapons
 g - a +0 dagger (weapon)
Armour
 a - a +0 robe (worn)
Jewellery
 i - an uncursed ring of positive energy {unknown}
 l - a cursed amulet of inaccuracy {unknown}
Scrolls
 e - a scroll of identify {unknown}
 h - a scroll of remove curse {unknown}
 j - a scroll of blinking {unknown}
Potions
 d - a potion of cancellation {unknown}
Books
 b - a book of Flames

   Spells                             Type                      Level
   a - Flame Tongue                   Conjuration/Fire             1
   b - Throw Flame                    Conjuration/Fire             2
   c - Conjure Flame                  Conjuration/Fire             3
   d - Inner Flame                    Hexes/Fire                   3
   e - Sticky Flame                   Conjuration/Fire             4
   f - Fireball                       Conjuration/Fire             5
Comestibles
 c - 2 bread rations
 k - 2 meat rations
 m - 3 fruits


   Skills:
 + Level 2.5 Dodging
 + Level 2.5 Stealth
 + Level 3.3 Spellcasting
 + Level 1.2 Conjurations
 + Level 4.1 Fire Magic


You had 4 spell levels left.
You knew the following spells:

 Your Spells              Type           Power        Failure   Level  Hunger
a - Flame Tongue          Conj/Fire      ##...        4%          1    None
b - Throw Flame           Conj/Fire      ##....       8%          2    ##.....


Dungeon Overview and Level Annotations

Branches:
Dungeon (2/15)

Altars:

Annotations:
D:1 Robin


Message History

The hobgoblin closely misses you. Robin hits you with a dagger.
* * * LOW HITPOINT WARNING * * *
Casting: Flame Tongue
Confirm with . or Enter, or press ? or * to list all spells.
Aiming: Flame Tongue
Press: ? - help, Shift-Dir - straight line, f/p - hobgoblin
Aim: a hobgoblin, wielding a club (almost dead)
The flame tongue hits the hobgoblin.
You kill the hobgoblin!
Robin zaps a wand.
The puff of flame misses you.
Casting: Flame Tongue
Confirm with . or Enter, or press ? or * to list all spells.
Aiming: Flame Tongue
Press: ? - help, Shift-Dir - straight line, f - Robin
Aim: Robin, wielding a dagger, wearing an animal skin, wearing a shiny helmet and carrying a wand of flame (?/48) {zapped: 2} The flame tongue hits Robin.
Robin is heavily wounded.
Robin zaps a wand.
The puff of flame hits you!
Ouch! That really hurt!
You die...

####### #.....#
#.###.#######
##)###.#.....#
#@g.##.#)###.#
###
#)#........#.#
..#
#...##.#.#...#
#.#
##.###.#.....##
#.#
#l###.##.....####
#.#
#.....###........
#.## #####.#####
##.###### ...####
#...#.# #.#
......# #.#...#
#.#


You could see Robin and a leopard gecko.

Vanquished Creatures
  A dart slug (D:1)
  A giant cockroach (D:1)
  6 goblins (D:1)
  5 hobgoblins (D:1)
  3 kobolds (D:1)
  3 rats (D:1)
19 creatures vanquished.

Notes
Turn   | Place    | Note
-------+----------+-------------------------------------------
     0 | D:1      | nikopol the Deep Elf Fire Elementalist began the quest for the Orb.
     0 | D:1      | Reached XP level 1. HP: 10/10 MP: 6/6
   207 | D:1      | Reached XP level 2. HP: 10/15 MP: 1/8
   215 | D:1      | Learned a level 2 spell: Throw Flame
   669 | D:1      | Reached skill level 4 in Fire Magic
   972 | D:2      | Noticed Robin
   981 | D:1      | Killed from afar by Robin

Vault maps used:
D:1:      denvon_arrival_planthouse
D:2:      lemuel_doored_altar, uniq_robin

Skill      XL: |  1  2 |
---------------+-------+-----
Fire Magic     | 4 |  4.1
Dodging        | |  2.5
Stealth        | |  2.5
Spellcasting   | |  3.3
Conjurations   | |  1.2

Action                   || total
-------------------------++-------
 Cast: Flame Tongue      ||    40
Dodge: Dodged            ||    13
